 Dungeon Crawl Stone Soup version 0.18-a0-1396-g8753ca6 (webtiles) character file.

61 namelastname112 the Conjurer (level 3, -6/26 HPs)
             Began as a Draconian Conjurer on Feb 24, 2016.
             Mangled by Grinder (8 damage)
             ... on level 3 of the Dungeon.
             The game lasted 00:03:54 (2160 turns).

namelastname112 the Conjurer (Draconian Conjurer)   Turns: 2160, Time: 00:03:54

Health: -6/26      AC:  6    Str: 10      XL:     3   Next: 83%
Magic:  1/7        EV: 12    Int: 16      God:
Gold:   149        SH:  0    Dex: 10 (11) Spells: 2 memorised, 5 levels left

rFire  . . .     SeeInvis .     e - +0 dagger
rCold  . . .     Gourm    .     (armour unavailable)
rNeg   . . .     Faith    .     (no shield)
rPois  .         Spirit   .     (helmet restricted)
rElec  .         Dismiss  .     (no cloak)
rCorr  .         Reflect  .     h - +0 pair of gloves
SustAt +         Harm     .     (no boots)
MR     .....                    (no amulet)
Stlth  ++........               (no ring)
                                n - ring of sustain attributes

@: not resistant to hostile enchantments, unstealthy
A: unfitting armour, cold-blooded, AC +5
a: no special abilities


You were on level 3 of the Dungeon.
You were hungry.

You visited 1 branch of the dungeon, and saw 3 of its levels.

You collected 149 gold pieces.

Inventory:

Hand Weapons
 e - a +0 dagger (weapon)
Armour
 h - a +0 pair of gloves (worn)
Jewellery
 n - a ring of sustain attributes (left hand)
Scrolls
 f - 2 scrolls of amnesia {unknown}
 j - a scroll of teleportation {unknown}
 l - a scroll of noise {unknown}
 m - a scroll of enchant weapon {unknown}
 q - a scroll of fog {unknown}
 s - 2 scrolls of recharging {unknown}
 t - a scroll of identify {unknown}
Potions
 d - a potion of degeneration
 g - a potion of flight {unknown}
 p - 3 potions of curing {unknown}
 r - 2 potions of ambrosia {unknown}
Books
 a - a book of Conjurations

   Spells                             Type                      Level
   a - Magic Dart                     Conjuration                  1
   b - Searing Ray                    Conjuration                  2
   c - Dazzling Spray                 Conjuration/Hexes            3
   d - Fulminant Prism                Conjuration/Hexes            4
   e - Iskenderun's Mystic Blast      Conjuration                  4
   f - Iskenderun's Battlesphere      Conjuration/Charms           5
Comestibles
 b - 2 bread rations
 i - a meat ration
 k - a slice of pizza
 o - a beef jerky


   Skills:
 - Level 1.7 Dodging
 - Level 1.7 Stealth
 + Level 3.1 Spellcasting
 + Level 4.7 Conjurations


You had 5 spell levels left.
You knew the following spells:

 Your Spells              Type           Power        Failure   Level  Hunger
x - Searing Ray           Conj           ###...       4%          2    ##.....
z - Magic Dart            Conj           ###.         2%          1    None


Dungeon Overview and Level Annotations

Branches:
Dungeon (3/15)

Altars:

Annotations:
D:3 Grinder


Innate Abilities, Weirdness & Mutations

Your plain brown scales are hard (AC +5).
Your body does not fit into most forms of armour.
You are cold-blooded and may be slowed by cold attacks.


Message History

Without enough magic to sustain it, your searing ray dissipates.
Grinder barely misses you.
You aren't carrying any items that can be evoked.
You hit Grinder but do no damage.
Grinder is severely wounded.
Grinder completely misses you.
You barely miss Grinder.
Grinder is severely wounded.
Grinder closely misses you.
Drink which item? (? for menu, Esc to quit)
It was a potion of cancellation.
You feel magically purged. Grinder hits you!
You writhe in agony.
* * * LOW HITPOINT WARNING * * *
Drink which item? (? for menu, Esc to quit)
It was a potion of degeneration.
There was something very wrong with that liquid.
You feel weakened for a moment.
You feel dopey for a moment.
You feel somewhat clumsy. Grinder hits you!
You die...

...................#
...................#
........>..........#
.........).........#
...................#
#####.#..##.####.###
#######
#.#..##....#.#
#....<#
#.#..#####.#5#
##.####
#.#........#@# #.#
#.#.#####..#...# #.#
#.#.#...#..###.# #.#
#####.#........# ...
#.#
......#....รท#.##
### #.#
.######.#.###... #.#
........#.########
#.#
#########........#
#.# ########.# #.#


You could see Grinder.

Vanquished Creatures
  An adder (D:2)
  A worm (D:2)
  3 dart slugs
  5 bats
  5 giant cockroaches
  4 goblins
  6 hobgoblins
  7 jackals (D:2)
  A quokka (D:2)
  2 giant newts (D:1)
  A kobold (D:2)
  4 rats
40 creatures vanquished.

Notes
Turn   | Place    | Note
--------------------------------------------------------------
     0 | D:1      | namelastname112 the Draconian Conjurer began the quest for the Orb.
     0 | D:1      | Reached XP level 1. HP: 14/14 MP: 3/3
   335 | D:1      | Reached XP level 2. HP: 20/20 MP: 1/5
   344 | D:1      | Learned a level 2 spell: Searing Ray
  1124 | D:2      | Reached XP level 3. HP: 26/26 MP: 1/7
  2089 | D:3      | Noticed Grinder
  2144 | D:3      | Paralysed by Grinder for 4 turns
  2160 | D:3      | Mangled by Grinder

Vault maps used:
D:1:      dpeg_arrival_snail, roderic_roman_lattice
D:3:      uniq_jessica, uniq_grinder

Skill      XL: |  1  2  3 |
---------------+----------+-----
Spellcasting   | 3 |  3.1
Dodging        | |  1.7
Stealth        | |  1.7
Conjurations   | |  4.7

Action                   || total
-------------------------++-------
Melee: Dagger            ||    71
 Cast: Magic Dart        ||    69
       Searing Ray       ||     4
  Use: Potion            ||     2
 Stab: Sleeping          ||     1
  Eat: Chunk             ||     4
